 Dungeon Crawl Stone Soup version 0.30.0-5-g1a98f26d00 (webtiles) character file.

Game seed: 4916251026375064712

544 selver the Slasher (level 7, -2/52 HPs)
             Began as a Demonspawn Monk on May 12, 2023.
             Was an Initiate of Ru.
             Succumbed to an orc's poison
             ... on level 4 of the Dungeon.
             The game lasted 00:06:45 (3133 turns).

selver the Slasher (Demonspawn Monk)                Turns: 3133, Time: 00:06:46

Health: -2/52      AC: 16    Str: 12    XL:     7   Next: 6%
Magic:  7/7        EV: 12    Int: 11    God:    Ru [......]
Gold:   212        SH:  0    Dex: 17    Spells: 6/6 levels left

rFire   . . .        s - +0 falchion (protect)
rCold   . . .        d - orb {light}
rNeg    . . .        k - +0 leather armour
rPois   .            (no helmet)
rElec   .            (no cloak)
rCorr   .            (no gloves)
SInv    .            (no boots)
Will    .....        (no amulet)
Stlth   +            j - +4 ring of protection
HPRegen 0.28/turn    x - +4 ring of slaying
MPRegen 0.10/turn

%: no passive effects
@: lethally poisoned (-2 -> -21), under a protective aura, glowing
A: yellow scales 1, foul stench 2, powered by pain 1
a: Renounce Religion, Sacrifice Purity, Sacrifice Durability, Sacrifice Love,
Reject Sacrifices


You were on level 4 of the Dungeon.
You worshipped Ru.
Ru was noncommittal.
You visited 1 branch of the dungeon, and saw 6 of its levels.

You collected 212 gold pieces.

Inventory:

Hand Weapons
 s - a +0 falchion of protection (weapon)
Missiles
 h - 5 curare-tipped darts (quivered)
Armour
 d - an orb of light (worn)
 k - a +0 leather armour (worn)
Jewellery
 j - a +4 ring of protection (left hand)
 r - a +4 ring of protection
 x - a +4 ring of slaying (right hand)
Wands
 q - a wand of polymorph (9)
Scrolls
 e - a scroll of noise {unknown}
 g - 11 scrolls of identify {unknown}
 i - a scroll of fear {unknown}
 m - a scroll of amnesia {unknown}
 n - a scroll of poison {unknown}
 o - a scroll of enchant weapon {unknown}
 u - 2 scrolls of enchant armour {unknown}
 w - 2 scrolls of immolation {unknown}
 y - 2 scrolls of blinking {unknown}
 z - 2 scrolls of butterflies {unknown}
 A - a scroll of torment {unknown}
Potions
 a - a potion of degeneration {unknown}
 b - 2 potions of brilliance {unknown}
 c - a potion of mutation {unknown}
 f - a potion of might {unknown}
 l - a potion of lignification {unknown}
 p - 2 potions of haste {unknown}
 t - a potion of attraction {unknown}
 v - a potion of curing {unknown}


   Skills:
 - Level 3.0 Fighting
 + Level 7.4 Long Blades
 - Level 2.6 Dodging


You had 6 spell levels left.
You didn't know any spells.
Your spell library contained the following spells:

 Spells                   Type           Power      Damage    Failure   Level
 Slow                     Hex            0%         N/A       41%         1
 Confusing Touch          Hex            0%         N/A       80%         3
 Vampiric Draining        Necr           0%         2d6       80%         3


Dungeon Overview and Level Annotations

Branches:
Dungeon (6/15)
 Temple: D:4-7

Altars:
Makhleb
Ru
Xom

Shops:
D:1 (


Innate Abilities, Weirdness & Mutations

You are partially covered in yellow scales. (AC +2)
You sometimes emit foul miasma when damaged in melee.
You sometimes gain a little power by taking damage.


Message History

You slash the sleepcap!
You destroy the sleepcap!
You feel sick.
The orc priest hits you but does no damage.
The orc closely misses you.
You hit the orc priest.
The orc priest is lightly wounded.
You feel sick. The orc hits you but does no damage.
You are more poisoned.
The orc hits you with a +0 falchion.
The orc priest mumbles some strange prayers to Beogh against you.
You struggle to resist.
You slash the orc priest!
The orc priest is almost dead.
You feel very sick. The orc hits you but does no damage. x2
You are more poisoned.
The orc priest completely misses you.
You barely miss the orc priest.
The orc priest is almost dead.
You feel very sick. The orc hits you but does no damage.
The orc priest barely misses you. The orc barely misses you.
You barely miss the orc priest.
The orc priest is almost dead.
You feel very sick. The orc misses you. The orc barely misses you.
The orc priest hits you but does no damage.
You barely miss the orc priest.
The orc priest is almost dead.
You feel very sick. The orc closely misses you.
The orc priest calls down the wrath of Beogh upon you.
Pain shoots through your body!
* * * LOW HITPOINT WARNING * * *
The orc hits you but does no damage.
You are more poisoned.
You hit the orc priest.
You kill the orc priest!
You die...

.#########.........#
###### .#
#.........###### # #
.................. #
# ####.......######
# ##.......## #
#.........# # #
#.......?.# ###≈###
#.....o...# ...~...
##....)@.## ...≈≈..
#....o)......<
.#.#~≈#
#.#...#######. #
#≈.# #.##.# #≈.# #.
#~ # .. .~ . .#. .#
~ .. ~ .≈


You could see 2 orcs.

Vanquished Creatures
  A wyvern (D:4)
  A scorpion (D:4)
  An orc priest (D:4)
  A hound (D:3)
  A jelly (D:4)
  Jessica (D:2)
  3 iguanas (D:4)
  2 sleepcaps (D:4)
  2 adders
  3 gnolls (D:4)
  2 ufetubi (D:4)
  A worm (D:4)
  3 dart slugs
  11 orcs
  6 ball pythons
  4 bats
  5 endoplasms
  A giant cockroach (D:2)
  4 goblins
  3 hobgoblins
  3 jackals (D:3)
  2 quokkas (D:3)
  A kobold (D:4)
  3 rats
65 creatures vanquished.

Notes
Turn   | Place    | Note
-------+----------+-------------------------------------------
     0 | D:1      | selver the Demonspawn Monk began the quest for the Orb.
     0 | D:1      | Reached XP level 1. HP: 18/18 MP: 1/1
    66 | D:1      | Found Vulokk's Antique Weapon Boutique.
   143 | D:1      | Reached skill level 3 in Long Blades
   500 | D:2      | Gained mutation: You may rarely emit foul miasma when
                  | damaged in melee. [demonic ancestry]
   500 | D:2      | Reached XP level 2. HP: 15/24 MP: 2/2
   758 | D:2      | Found a burning altar of Makhleb.
  1035 | D:2      | Noticed Jessica
  1052 | D:2      | Killed Jessica
  1053 | D:2      | Reached skill level 4 in Long Blades
  1053 | D:2      | Gained mutation: You sometimes emit foul miasma when
                  | damaged in melee. [demonic ancestry]
  1053 | D:2      | Reached XP level 3. HP: 25/29 MP: 3/3
  1234 | D:3      | You fall into a shaft and drop 3 floors!
  1266 | D:5      | Entered Level 5 of the Dungeon
  1377 | D:4      | Gained mutation: You are partially covered in yellow
                  | scales. (AC +2) [demonic ancestry]
  1377 | D:4      | Reached XP level 4. HP: 21/35 MP: 4/4
  1614 | D:4      | Reached skill level 5 in Long Blades
  1711 | D:3      | Reached XP level 5. HP: 38/41 MP: 5/5
  2027 | D:3      | Found a faded altar of an unknown god.
  2044 | D:3      | Found a shimmering altar of Xom.
  2061 | D:3      | Prayed at the altar of an unknown god.
  2061 | D:3      | Became a worshipper of Ru the Awakened
  2422 | D:4      | Reached skill level 6 in Long Blades
  2455 | D:4      | Noticed a wyvern
  2465 | D:4      | Killed a wyvern
  2466 | D:4      | Reached XP level 6. HP: 29/47 MP: 6/6
  2690 | D:4      | Reached skill level 7 in Long Blades
  2995 | D:4      | Gained mutation: You sometimes gain a little power by
                  | taking damage. [demonic ancestry]
  2995 | D:4      | Reached XP level 7. HP: 39/52 MP: 7/7
  3132 | D:4      | HP: 1/52 [orc priest/nerve-wracking pain (11)]
  3133 | D:4      | Succumbed to an orc's poison

Illustrated notes

Levels and vault maps discovered:
D:1:      dpeg_arrival_snail, layout_rooms, serial_shops,
          nicolae_shop_window_shopping
D:2:      layout_basic, basic_altar, uniq_jessica
D:3:      layout_loops_cross, xom_butterflies,
          shapermc_ecumenical_altar_hornbeckon
D:4:      layout_loops_ring, serial_rivers, chequers_serial_rivers_room_b,
          chequers_serial_rivers_small_a, chequers_serial_rivers_marsh,
          chequers_serial_rivers_micro_c, chequers_serial_rivers_small_3,
          chequers_serial_rivers_micro_c
D:5:      layout_layer_cave, corexii_corridor_pit
D:6:      layout_cave_pods, gup_ossuary_entry_pyramid, minmay_statues_item

Skill      XL: |  1  2  3  4  5  6 |
---------------+-------------------+-----
Long Blades    | 3 4 5 6 7 |  7.4
Fighting       | |  3.0
Dodging        | |  2.6

Action                     |  1- 3 |  4- 6 |  7- 9 || total
---------------------------+-------+-------+-------++-------
  Melee: Falchion          |    72 |   106 |    15 ||   193
         Unarmed           |     4 |       |       ||     4
    Use: Potion            |       |     1 |       ||     1
 Armour: Robe              |     2 |       |       ||     2
         Leather armour    |    24 |    52 |    11 ||    87
  Dodge: Dodged            |    52 |    48 |    13 ||   113
